AoeStats
← __As_Sgto_Cabral_Arg

African Clearing

510417873Analyzed
4v4 RM · 1d ago on Sep 30, 2026· 29m 35s· 8 players
Game mode
Random Map
Map size
Large (8 player)
Population
200
Speed
Normal
Resources
Standard
Victory
Conquest
Starting age
Dark Age
Ending age
Imperial Age
RankedLock teamsTeams togetherTeam positionsShared explorationLock speedFull tech treeHidden civsTurbo modeCheats
Victory
Defeat
🇦🇷 Chinese · Argentina
1637
+10
🇦🇷 Varangians · Argentina
1601
+11
🇦🇷 Persians · Argentina
1538
+13
🇦🇷 Teutons · Argentina
848
+33
🇧🇷 Mapuche · Brazil
1500
-19
🇨🇳 Georgians · China
1489
-18
🇲🇽 Italians · Mexico
1424
-16
🇨🇳 Bulgarians · China
1369
-14
GRAN KHAN
3:01 Loom
13:06 Feudal Age
18:19 Castle Age
木薯大王
7:59 Loom
14:23 Feudal Age
19:13 Castle Age
17:45 Double-Bit Axe
18:18 Horse Collar
21:04 Fletching
GAX | Soldado_Medeiros
3:56 Loom
11:34 Feudal Age
17:22 Castle Age
15:31 Double-Bit Axe
19:30 Fletching
25:24 Bodkin Arrow
仙逆许木
4:59 Loom
14:34 Feudal Age
18:21 Castle Age
16:49 Double-Bit Axe
24:10 Town Watch
26:36 Fletching
28:15 Bodkin Arrow
__As_Sgto_Cabral_Arg
5:56 Loom
15:39 Feudal Age
16:42 Double-Bit Axe
21:16 Castle Age
22:06 Pikeman
22:10 Elite Skirmisher
25:31 Squires
29:56 Stone Mining
29:57 Gold Mining
30:24 Forging
__127_Monchito008_Arg
9:18 Loom
12:17 Feudal Age
16:39 Castle Age
15:10 Double-Bit Axe
17:54 Wheelbarrow
18:38 Horse Collar
22:06 Bow Saw
25:28 Scale Barding Armor
26:47 Hand Cart
27:11 Gold Mining
27:12 Stone Mining
27:33 Forging
30:59 Imperial Age
29:33 Stone Shaft Mining
29:33 Gold Shaft Mining
29:33 Stone Shaft Mining
DS_Kawakaze
7:56 Loom
11:56 Feudal Age
13:02 Double-Bit Axe
16:44 Bloodlines
20:45 Castle Age
19:16 Horse Collar
20:30 Gold Mining
24:38 Bow Saw
Revvv
2:55 Loom
11:43 Feudal Age
12:47 Double-Bit Axe
13:52 Town Watch
15:49 Fletching
16:27 Horse Collar
20:40 Castle Age
19:18 Padded Archer Armor
19:28 Gold Mining
20:43 Crossbowman
21:26 Bodkin Arrow
26:06 Ballistics
27:11 Thumb Ring
Connection lost

Rejoining the realm…

Still unreachable

The connection could not be restored.

Session expired

The server has moved on; the page needs a fresh start.